 Dungeon Crawl Stone Soup version 0.29-a0-414-g5075937ec3 (webtiles) character file.

Game seed: 1883085247672909299

214 bande the Covered (level 5, -2/33 HPs)
             Began as a Gargoyle Fighter on May 16, 2022.
             Slain by an apocalypse crab (5 damage)
             ... on level 2 of the Abyss.
             The game lasted 00:08:16 (4268 turns).

bande the Covered (Gargoyle Fighter)                Turns: 4268, Time: 00:08:16

Health: -2/33      AC: 19    Str: 19    XL:     5   Next: 92%
Magic:  0/5        EV:  5    Int:  9    God:
Gold:   153        SH:  4    Dex: 11    Spells: 4/4 levels left

rFire   . . .      SeeInvis .   a - +1 war axe
rCold   + . .      Faith    .   c - +0 buckler
rNeg    + . .      Spirit   .   l - +0 plate armour {rC+}
rPois   ∞          Reflect  .   (no helmet)
rElec   +          Harm     .   (no cloak)
rCorr   .          Rampage  .   j - +2 pair of gloves
Will    .....                   (no boots)
Stlth   ..........              (no amulet)
HPRegen 0.11/turn               (no ring)
MPRegen 0.09/turn               (no ring)

@: hasted, very quick
A: sickness immunity, AC +4, negative energy resistance 1, electricity
resistance, torment resistance 1, petrification resistance
a: no special abilities


You were on level 2 of the Abyss.
You visited 1 branch of the dungeon, and saw 4 of its levels.
You visited the Abyss 1 time.

You collected 153 gold pieces.

Inventory:

Hand Weapons
 a - a +1 war axe (weapon)
 b - a +0 flail
 g - the +3 hunting sling "Ycvukhiw" {speed, rPois rC+}
   (You found it on level 2 of the Dungeon)

   Attacks with this weapon are significantly faster.
   rC:        It protects you from cold.
   rPois:     It protects you from poison.
Armour
 c - a +0 buckler (worn)
 j - a +2 pair of gloves (worn)
 l - a +0 plate armour of cold resistance (worn)
Jewellery
 h - a ring of fire
 o - a ring of magical power
Scrolls
 e - 2 scrolls of identify
 f - 3 scrolls of teleportation
 i - 2 scrolls of magic mapping
 n - a scroll of fog
 p - 3 scrolls of enchant weapon
Potions
 d - 2 potions of might
 k - 4 potions of curing
 m - a potion of brilliance
 t - a potion of mutation


   Skills:
 + Level 4.3 Fighting
 + Level 3.7 Axes
 + Level 4.3 Armour
 + Level 4.0 Shields


You had 4 spell levels left.
You didn't know any spells.
Your spell library contained the following spells:

 Spells                   Type           Power      Damage    Failure   Level
 Ensorcelled Hibernation  Hex/Ice        0%         N/A       100%        2
 Passwall                 Tmut/Erth      0%         N/A       100%        2
 Swiftness                Air            0%         N/A       100%        3
 Malign Gateway           Summ/Tloc      0%         N/A       100%        7
 Summon Horrible Things   Summ           0%         N/A       100%        8


Dungeon Overview and Level Annotations

Branches:
Dungeon (4/15)
 Temple: D:4-7

Altars:
Ru


Innate Abilities, Weirdness & Mutations

You are immune to sickness and miasma.
Your stone body is resilient. (AC +4)
You are immune to poison.
You resist negative energy. (rN+)
You are resistant to electric shocks. (rElec)
You are resistant to unholy torment.
You are immune to petrification.


Message History

The orc warrior attacks as you move away!
The orc warrior hits you but does no damage.
You are cast into the Abyss!
This branch contains the abyssal rune of Zot.
There is an empty arch of ancient stone here.
An apocalypse crab comes into view.
The apocalypse crab breathes chaos at you.
A neqoxec comes into view.
The neqoxec shouts!
The neqoxec gestures at you.
Something tries to feed on your intellect!
The apocalypse crab breathes chaos at you.
The blast of chaos engulfs you but does no damage.
You are engulfed in seething chaos.
You feel yourself speed up.
You are engulfed in seething chaos.
You suddenly lose the ability to move!
You are engulfed in seething chaos.
The neqoxec hits you but does no damage. x2
The apocalypse crab bites you but does no damage.
The apocalypse crab claws you.
You feel your power leaking away. The neqoxec hits you.
The apocalypse crab bites you.
You are engulfed in flames!
* * * LOW HITPOINT WARNING * * *
The apocalypse crab claws you but does no damage.
You can move again.
You miss the neqoxec. You slash the apocalypse crab! The neqoxec hits you.
* * * LOW HITPOINT WARNING * * *
You block the apocalypse crab's attack. The apocalypse crab barely misses you.
You barely miss the neqoxec.
You hit the apocalypse crab but do no damage.
The neqoxec hits you but does no damage.
You block the apocalypse crab's attack.
The apocalypse crab claws you but does no damage.
Unknown command.
You miss the neqoxec.
You hit the apocalypse crab but do no damage.
The apocalypse crab bites you.
* * * LOW HITPOINT WARNING * * *
The apocalypse crab freezes you. You resist.
You die...

3## .. . ##......#
...............
....
...................
.. ... ....... ...
............... ..
...#.##t..#.#..#..
....##..#...#####
#3t..#####.. #@##§#
## ##.#§#§# # #..
.#..§# ##...##..#
....# #### #. .. #
### .


You could see an apocalypse crab and a neqoxec.

Vanquished Creatures
  An orc priest (D:3)
  An orc wizard (D:3)
  5 adders
  2 worms (D:2)
  3 dart slugs
  6 orcs
  8 bats
  9 endoplasms
  4 giant cockroaches
  11 goblins
  7 hobgoblins
  5 jackals
  3 quokkas
  7 ball pythons
  5 frilled lizards
  8 kobolds
  4 rats
89 creatures vanquished.

Notes
Turn   | Place    | Note
-------+----------+-------------------------------------------
     0 | D:1      | bande the Gargoyle Fighter began the quest for the Orb.
     0 | D:1      | Reached XP level 1. HP: 14/14 MP: 1/1
    17 | D:1      | Found a faded altar of an unknown god.
    30 | D:1      | Reached XP level 2. HP: 18/19 MP: 2/2
   878 | D:1      | Reached XP level 3. HP: 23/24 MP: 3/3
  1480 | D:2      | Identified the +3 hunting sling "Ycvukhiw" {speed, rPois
                  | rC+}
  2140 | D:2      | Reached XP level 4. HP: 29/29 MP: 4/4
  2638 | D:3      | Reached XP level 5. HP: 33/33 MP: 5/5
  3759 | D:4      | Found a sacrificial altar of Ru.
  3807 | D:4      | Noticed an orc warrior
  4230 | D:4      | Cast into level 2 of the Abyss (orc warrior)
  4251 | Abyss:2  | Noticed an apocalypse crab
  4254 | Abyss:2  | Noticed a neqoxec
  4261 | Abyss:2  | Paralysed by you for 4 turns
  4268 | Abyss:2  | Slain by an apocalypse crab

Illustrated notes

Levels and vault maps discovered:
D:1:      eino_arrival_water_star, layout_loops_ring,
          hellmonk_ecumenical_altar_blasted
D:2:      layout_basic
D:3:      minmay_bubble_buster, layout_loops_ring, serial_park_tiny_2,
          serial_bayou_pond_e, kennysheep_nub, wad_floor_pattern_untrapped,
          nrook_mini_vaults, grunt_ministairs_3, chequers_decorated_corner
D:4:      layout_basic, mainiacjoe_overflow_boulevard,
          nicolae_concentric_dashed_squares_wild
Abyss:2:  base: D:4, grunt_abyss_exit_deep_breaths

Skill      XL: |  1  2  3  4  5 |
---------------+----------------+-----
Axes           | 2 3 |  3.7
Armour         | 4 |  4.3
Fighting       | 4 |  4.3
Shields        | 4 |  4.0

Action                   |  1- 3 |  4- 6 || total
-------------------------+-------+-------++-------
Melee: War axe           |   154 |   146 ||   300
  Use: Scroll            |     5 |     8 ||    13
       Potion            |       |     1 ||     1
Armor: Scale mail        |    88 |       ||    88
       Plate armour      |    11 |   147 ||   158
Dodge: Dodged            |    90 |    31 ||   121
Block: Buckler           |    40 |    48 ||    88

Table legend: (Time is in decaauts)
 A = Elapsed time spent in this place.
 B = Non-inter-level travel time spent in this place.
 C = Inter-level travel time spent in this place.
 D = Time resting spent in this place.
 E = Time spent auto-exploring this place.
 F = Levels seen in this place.
 G = Mean time per level.
                   A        B        C        D        E       F      G
               +--------+--------+--------+--------+--------+-----+--------+
         Total |   4395 |   4347 |     48 |    968 |   2337 |   5 |  879.0 |
       Dungeon |   4358 |   4310 |     48 |    968 |   2337 |   4 | 1089.5 |
         Abyss |     37 |     37 |      0 |      0 |      0 |   1 |   37.0 |
               +--------+--------+--------+--------+--------+-----+--------+

Top non-repeatable levels by time:
     D:3: 1624 daAuts
     D:1: 1434 daAuts
     D:2: 1112 daAuts
     D:4: 187 daAuts
 Abyss:2: 37 daAuts
